 Dungeon Crawl Stone Soup version 0.26.1-11-gd32895ea62 (webtiles) character file.

Game seed: 13038418149627480058

118 Descartes the Magician (level 4, 0/24 HPs)
             Began as a Deep Elf Wanderer on June 13, 2021.
             Slain by a river rat (4 damage)
             ... in a sewer.
             The game lasted 00:06:59 (3047 turns).

Descartes the Magician (Deep Elf Wanderer)          Turns: 3047, Time: 00:06:59

Health: 0/24       AC:  3    Str: 11    XL:     4   Next: 72%
Magic:  9/13       EV: 10    Int: 16    God:
Gold:   43         SH:  0    Dex: 14    Spells: 12/13 levels left

rFire    . . .     SeeInvis .   a - +4 dagger
rCold    . . .     Faith    .   (no shield)
rNeg     . . .     Spirit   .   f - +0 leather armour
rPois    +         Reflect  .   (no helmet)
rElec    .         Harm     .   (no cloak)
rCorr    .         Rampage  .   (no gloves)
Will     .....                  (no boots)
Stlth    +.........             (no amulet)
HPRegen  0.08/turn              c - ring of poison resistance
MPRegen  0.13/turn              (no ring)

@: no status effects
A: no striking features
a: no special abilities


You were in a sewer.
You visited 1 branch of the dungeon, and saw 3 of its levels.
You also visited: Sewer.

You collected 43 gold pieces.

Inventory:

Hand Weapons
 a - a +4 dagger (weapon)
 n - a +0 dagger of venom
 p - a +0 long sword
Missiles
 b - a curare-tipped dart (quivered)
 h - 55 stones
 i - 22 sling bullets
 k - 27 arrows
Armour
 d - a +0 robe
 f - a +0 leather armour (worn)
Jewellery
 c - a ring of poison resistance (left hand)
Scrolls
 e - 2 scrolls of teleportation
Potions
 g - a potion of heal wounds {unknown}
 j - a potion of attraction {unknown}
 l - a potion of brilliance {unknown}
 m - a potion of cancellation
 o - a potion of curing {unknown}


   Skills:
 - Level 1.0 Throwing
 - Level 1.2 Stealth
 - Level 5.0 Spellcasting
 - Level 2.4 Necromancy
 - Level 2.1 Transmutations
 + Level 4.7 Fire Magic


You had 12 spell levels left.
You knew the following spells:

 Your Spells              Type           Power        Failure   Level
a - Foxfire               Conj/Fire      44%          8%          1

Your spell library contained the following spells:

 Spells                   Type           Power        Failure   Level
 Conjure Flame            Conj/Fire      11%          22%         3


Dungeon Overview and Level Annotations

Branches:
Dungeon (3/15)              Sewer (1/1)

Altars:
Kikubaaqudgha


Message History

The river rat bites you but does no damage.
The river rat barely misses you.
You hit the river rat.
The river rat is almost dead.
The foxfire hits the river rat but does no damage.
The river rat is almost dead.
The foxfire hits the river rat.
The river rat is heavily wounded.
The river rat bites you. The river rat completely misses you.
Casting: Foxfire (safe; 8% risk of failure)
Confirm with . or Enter, or press ? or * to list all spells.
You conjure some foxfire!
The river rat bites you.
* * * LOW HITPOINT WARNING * * *
The river rat barely misses you.
The foxfire hits the river rat but does no damage.
The river rat is almost dead.
The foxfire hits the river rat.
The river rat is almost dead.
The river rat bites you.
You die...

##........≈≈≈≈.....#
#..#......≈≈≈......#
#.###......≈≈....†.##
#∩###.....≈≈†...†...#
####.....≈.≈≈...##...#
##.....≈≈≈≈†.## ...#
#..÷..≈.≈≈≈≈.## ..##
##÷..§...≈≈≈≈..# .r#
#....§@r≈≈≈≈≈.....##
#......r≈≈≈≈≈.....
#.......≈≈≈≈≈†....#
##.....≈≈≈≈≈≈......
##....≈≈≈≈≈≈≈≈...
#...≈≈≈≈≈≈≈≈#..
##....≈≈≈≈≈≈≈#
#.....≈≈≈≈≈≈≈≈
#...).≈≈≈≈≈≈≈≈


You could see 2 river rats.

Vanquished Creatures
  A gnoll (D:1)
  2 river rats (Sewer)
  An ooze (Sewer)
  A worm (D:3)
  A dart slug (D:2)
  5 leopard geckos
  An orc (D:3)
  4 giant cockroaches
  5 goblins
  6 hobgoblins
  9 jackals
  11 kobolds
  3 ball pythons (Sewer)
  6 bats
  2 frilled lizards
  15 rats
73 creatures vanquished.

Vanquished Creatures (others)
  222 foxfires
  A withered plant (D:3)
223 creatures vanquished.

Grand Total: 296 creatures vanquished

Notes
Turn   | Place    | Note
-------+----------+-------------------------------------------
     0 | D:1      | Descartes the Deep Elf Wanderer began the quest for the
                  | Orb.
     0 | D:1      | Descartes set off with the following items: a +2 dagger, a
                  | curare-tipped dart, a +0 robe; and the following spell
                  | memorised: Foxfire; and the following spells available to
                  | memorise: Conjure Flame
     0 | D:1      | Reached XP level 1. HP: 10/10 MP: 7/7
   268 | D:1      | Reached XP level 2. HP: 15/15 MP: 5/9
   397 | D:1      | Reached skill level 5 in Spellcasting
   881 | D:1      | Reached XP level 3. HP: 19/19 MP: 8/11
  2317 | D:3      | Found an ancient bone altar of Kikubaaqudgha.
  2329 | D:3      | Reached XP level 4. HP: 14/24 MP: 8/13
  2358 | D:3      | Found a glowing drain.
  2390 | Sewer    | Entered a sewer
  3047 | Sewer    | Slain by a river rat

Illustrated notes

Levels and vault maps discovered:
D:1:      roderic_octagonal_star, layout_loops_ring,
          chequers_serial_rivers_micro_c
D:2:      layout_basic
D:3:      layout_loops_corners, kiku_gazebo_garden_becter, portal_sewer_entry_f,
          minmay_misc_feat_cross, wad_floor_pattern_1, minmay_close_crescents
Sewer:    sewer_minmay_treatment

Skill      XL: |  1  2  3  4 |
---------------+-------------+-----
Fire Magic     | 2 3 4 |  4.7
Spellcasting   | 5 |  5.0
Throwing       | |  1.0
Stealth        | |  1.2
Necromancy     | |  2.4
Transmutations | |  2.1

Action                   |  1- 3 |  4- 6 || total
-------------------------+-------+-------++-------
Melee: Dagger            |    53 |    12 ||    65
 Cast: Foxfire           |    85 |    62 ||   147
  Use: Scroll            |     7 |       ||     7
Armor: Robe              |     4 |       ||     4
       Leather armour    |    19 |     6 ||    25
Dodge: Dodged            |    32 |    13 ||    45
